 Dungeon Crawl Stone Soup version 0.25-a0-474-ga8a2ee3 (webtiles) character file.

Game seed: 14297637154917123849, levelgen mode: deterministic

10 Charmandara the Chiller (level 2, 0/19 HPs)
             Began as a Human Ice Elementalist on Feb 8, 2020.
             Slain by a bat (1 damage)
             ... on level 1 of the Dungeon.
             The game lasted 00:02:02 (294 turns).

Charmandara the Chiller (Human Ice Elementalist)     Turns: 294, Time: 00:02:02

Health: 0/19       AC:  2    Str:  8    XL:     2   Next: 30%
Magic:  1/5        EV: 13    Int: 15    God:
Gold:   0          SH:  0    Dex: 16    Spells: 4/5 levels left

rFire    . . .     SeeInvis .   g - +0 dagger
rCold    . . .     Gourm    .   (no shield)
rNeg     . . .     Faith    .   a - +0 robe
rPois    .         Spirit   .   (no helmet)
rElec    .         Reflect  .   (no cloak)
rCorr    .         Harm     .   (no gloves)
MR       .....                  (no boots)
Stlth    ++........             (no amulet)
HPRegen  0.06/turn              e - +3 ring of dexterity
MPRegen  0.09/turn              (no ring)

@: no status effects
A: no striking features
a: no special abilities


You were on level 1 of the Dungeon.
You were not hungry.

You visited 1 branch of the dungeon, and saw 1 of its levels.

Inventory:

Hand Weapons
 g - a +0 dagger (weapon)
   (You took it off a goblin on level 1 of the Dungeon)
Missiles
 b - 23 stones (quivered)
 f - 12 sling bullets
Armour
 a - a +0 robe (worn)
Jewellery
 e - a +3 ring of dexterity (left hand)
   (You found it on level 1 of the Dungeon)
Comestibles
 c - a ration
 d - a chunk of flesh {@w0}


   Skills:
 - Level 2.0 Dodging
 - Level 2.0 Stealth
 + Level 2.3 Spellcasting
 + Level 4.2 Ice Magic


You had 4 spell levels left.
You knew the following spells:

 Your Spells              Type           Power        Failure   Level  Hunger
a - Freeze                Ice            ##..         3%          1    #......

Your spell library contained the following spells:

 Spells                   Type           Power        Failure   Level  Hunger
 Frozen Ramparts          Ice            ##....       11%         3    ###....
 Ozocubu's Armour         Chrm/Ice       #.......     26%         3    ###....
 Hailstorm                Conj/Ice       #.......     65%         4    #####..
 Summon Ice Beast         Ice/Summ       #.......     65%         4    #####..


Dungeon Overview and Level Annotations

Branches:
Dungeon (1/15)

Altars:


Message History

You freeze the bat!
You kill the bat!
Unknown command.
You now have 0/5 mp.
The goblin hits you.
You see here a bat corpse.
You take 1 damage, and have 14/19 hp.
You barely miss the goblin. The goblin misses you.
The frilled lizard unfolds its giant frill.
You closely miss the goblin. The goblin hits you but does no damage.
Unknown command.
You closely miss the goblin. The goblin completely misses you.
You hit the goblin. The goblin completely misses you.
You barely miss the goblin. The goblin completely misses you.
You barely miss the goblin. The goblin misses you.
You barely miss the goblin. The goblin closely misses you.
Aim: a goblin, wearing a cursed ring of attention (moderately wounded)
You freeze the goblin. The goblin misses you.
You now have 0/5 mp.
You barely miss the goblin. The goblin closely misses you.
You hit the goblin but do no damage. The goblin misses you.
You hit the goblin. The goblin hits you.
You take 4 damage, and have 11/19 hp.
MASSIVE DAMAGE!!
You don't have enough magic to cast that spell.
Unknown command.
You don't have enough magic to cast that spell.
There are monsters nearby!
Unknown command.
You closely miss the goblin. The goblin hits you.
You take 3 damage, and have 8/19 hp.
You closely miss the goblin. The goblin closely misses you.
You closely miss the goblin. The goblin closely misses you.
Unknown command.
Aim: a goblin, wearing a cursed ring of attention (severely wounded)
You miscast Freeze.
You are very lightly contaminated with residual magic.
Nothing appears to happen.
The goblin hits you but does no damage.
You now have 0/5 mp.
Unknown command.
The goblin closely misses you. The goblin closely misses you.
You open the door.
There is an open door here.
Aim: a goblin, wearing a cursed ring of attention (severely wounded)
You freeze the goblin.
You kill the goblin!
You now have 0/5 mp.
Unknown command.
There is a fountain of clear blue water here.
There is a staircase leading out of the dungeon here.
Your magical contamination has completely faded away.
There is a fountain of clear blue water here.
Aim: a goblin, wielding a +0 dagger You freeze the goblin.
The goblin hits you with a +0 dagger.
You take 1 damage, and have 9/19 hp.
You now have 0/5 mp.
Unknown command.
You hit the goblin.
The rat twitches its whiskers.
The goblin hits you but does no damage.
You open the door. The goblin hits you with a +0 dagger.
Some of the chunks of flesh in your inventory have rotted away.
You take 2 damage, and have 7/19 hp.
There is an open door here.
A bat comes into view.
The bat closely misses you.
Aim: a goblin, wielding a +0 dagger (severely wounded)
You freeze the goblin.
You kill the goblin!
The bat hits you.
You take 1 damage, and have 7/19 hp.
You now have 0/5 mp.
The rat bites you.
* * * LOW HITPOINT WARNING * * *
You see here a +0 dagger.
You take 2 damage, and have 5/19 hp.
g - a +0 dagger The bat closely misses you.
The rat closely misses you.
g - a +0 dagger (weapon)
You barely miss the bat. The bat barely misses you. The rat misses you.
The frilled lizard bites you.
* * * LOW HITPOINT WARNING * * *
You take 2 damage, and have 3/19 hp.
The bat closely misses you. The bat closely misses you. The bat hits you.
* * * LOW HITPOINT WARNING * * *
You take 1 damage, and have 2/19 hp.
You barely miss the bat. The bat closely misses you.
The bat hits you but does no damage. The rat closely misses you.
You don't have enough magic to cast that spell.
The bat hits you.
* * * LOW HITPOINT WARNING * * *
You take 1 damage, and have 1/19 hp.
You aren't carrying any scrolls.
Unknown command.
You aren't carrying any potions.
Unknown command.
You barely miss the rat. The bat hits you but does no damage.
The rat barely misses you. The bat hits you but does no damage.
You hit the rat. The bat hits you.
You die...

#.#
##...##r...#.......
#.#
####..⌠..######.......
#.###...........###
....
#.'.....⌠.<(⌠.....+
#####...........###
####..⌠..#####
##...##... #...#b.#
#l..#@# ##r##r# #.##l#
#'#.r# #...## #####


You could see a bat, a frilled lizard and 2 rats.

Vanquished Creatures
  4 goblins (D:1)
  2 hobgoblins (D:1)
  A bat (D:1)
  A kobold (D:1)
  A rat (D:1)
9 creatures vanquished.

Notes
Turn   | Place    | Note
-------+----------+-------------------------------------------
     0 | D:1      | Charmandara the Human Ice Elementalist began the quest for
                  | the Orb.
     0 | D:1      | Reached XP level 1. HP: 13/13 MP: 3/3
   220 | D:1      | Reached XP level 2. HP: 17/19 MP: 1/5
   288 | D:1      | HP: 3/19 [frilled lizard (2)]
   292 | D:1      | HP: 1/19 [bat (1)]
   294 | D:1      | Slain by a bat

Levels and vault maps discovered:
D:1:      evilmike_arrival_plus, layout_basic, serial_bayou_pond_b

Action                   || total
-------------------------++-------
Melee: Unarmed           ||    27
       Dagger            ||     4
 Cast: Freeze            ||    13
Armor: Robe              ||    12
Dodge: Dodged            ||    35

Table legend:
 A = Non-vault XP
 B = Vault XP
 C = Vault XP percentage of total XP
 D = Non-vault monster count
 E = Vault monster count
 F = Vault count percentage of total count
                 A         B        C        D         E       F
            +---------+---------+-------+---------+---------+-------
      Total |      15 |       0 |   0.0 |       9 |       0 |   0.0
            +---------+---------+-------+---------+---------+-------
        D:1 |      15 |       0 |   0.0 |       9 |       0 |   0.0
            +---------+---------+-------+---------+---------+-------

Levels and vault maps discovered:
D:1:      evilmike_arrival_plus, layout_basic, serial_bayou_pond_b

Table legend:
 A = Turns spent in this place as a percentage of turns spent in the entire game.
 B = Non-inter-level travel turns spent in this place as a percentage of non-inter-level travel turns spent in the entire game.
 C = Inter-level travel turns spent in this place as a percentage of turns spent in this place.
 D = Turns resting spent in this place as a percentage of non-inter-level travel turns spent in this place.
 E = Turns spent auto-exploring this place as a percentage of non-inter-level travel turns spent in this place.
 F = Non-inter-level travel turns spent in this place divided by the number of levels of this place that you've seen.
                   A       B       C       D       E      F
               +-------+-------+-------+-------+-------+----------------------
         Total | 100.0 | 100.0 |   0.0 |  43.9 |   7.5 | 294.0
       Dungeon | 100.0 | 100.0 |   0.0 |  43.9 |   7.5 | 294.0
               +-------+-------+-------+-------+-------+----------------------

Table legend:
 A = Kills in this place as a percentage of kills in entire the game.
 B = Kills by you in this place as a percentage of kills by you in the entire game.
 C = Kills by friends in this place as a percentage of kills by friends in the entire game.
 D = Other kills in this place as a percentage of other kills in the entire game.
 E = Experience gained in this place as a percentage of experience gained in the entire game.
 F = Experience gained in this place divided by the number of levels of this place that you have seen.
                   A       B       C       D       E      F
               +-------+-------+-------+-------+-------+----------------------
         Total | 100.0 | 100.0 |   N/A |   N/A | 100.0 |  15.0
       Dungeon | 100.0 | 100.0 |   N/A |   N/A | 100.0 |  15.0
               +-------+-------+-------+-------+-------+----------------------
